 Dungeon Crawl Stone Soup version 0.20.1-1-g8b1a95d (webtiles) character file.

79 lorenzova the Conjurer (level 4, 0/24 HPs)
             Began as a Deep Elf Conjurer on Oct 3, 2017.
             Hit by a stone thrown by a gnoll (3 damage)
             ... on level 2 of the Dungeon.
             The game lasted 00:03:40 (1305 turns).

lorenzova the Conjurer (Deep Elf Conjurer)          Turns: 1305, Time: 00:03:40

Health: 0/24       AC:  3    Str:  5    XL:     4   Next: 16%
Magic:  0/12       EV: 13    Int: 21    God:
Gold:   98         SH:  0    Dex: 15    Spells: 5/12 levels left

rFire    . . .     SeeInvis .   n - +0 short sword
rCold    . . .     Gourm    .   (no shield)
rNeg     . . .     Faith    .   a - +0 robe
rPois    .         Spirit   .   k - +0 helmet (curse)
rElec    .         Reflect  .   (no cloak)
rCorr    .         Harm     .   (no gloves)
MR       .....                  (no boots)
Stlth    ++........             (no amulet)
Regen    0.1/turn               (no ring)
MPRegen  0.2/turn               (no ring)

@: no status effects
A: no striking features
a: no special abilities


You were on level 2 of the Dungeon.
You were not hungry.

You visited 1 branch of the dungeon, and saw 2 of its levels.

You collected 98 gold pieces.

Inventory:

Hand Weapons
 n - a +0 short sword (weapon)
Armour
 a - a +0 robe (worn)
 k - a cursed +0 helmet (worn)
Jewellery
 e - a cursed amulet of regeneration {unknown}
 g - an uncursed amulet of harm {unknown}
 o - a +3 ring of dexterity {unknown}
Scrolls
 d - a scroll of remove curse {unknown}
 h - a scroll of identify {unknown}
 m - a scroll of enchant armour {unknown}
Potions
 i - a potion of invisibility {unknown}
 j - 3 potions of agility {unknown}
 l - a potion of heal wounds {unknown}
 p - 3 potions of might {unknown}
Books
 b - a book of Conjurations

   Spells                             Type                      Level
   a - Magic Dart                     Conjuration                  1
   b - Searing Ray                    Conjuration                  2
   c - Dazzling Spray                 Conjuration/Hexes            3
   d - Fulminant Prism                Conjuration/Hexes            4
   e - Force Lance                    Conjuration/Translocation    4
   f - Iskenderun's Mystic Blast      Conjuration                  4
Comestibles
 c - 4 bread rations
 f - 2 meat rations
 q - a chunk of flesh


   Skills:
 - Level 2.4 Dodging
 - Level 2.4 Stealth
 + Level 4.8 Spellcasting
 + Level 5.4 Conjurations


You had 5 spell levels left.
You knew the following spells:

 Your Spells              Type           Power        Failure   Level  Hunger
a - Magic Dart            Conj           ####         1%          1    None
b - Searing Ray           Conj           ####..       1%          2    None
c - Iskenderun's Mystic   Conj           ####....     12%         4    ####...


Dungeon Overview and Level Annotations

Branches:
Dungeon (2/15)

Altars:
Okawaru


Message History

Casting: Magic Dart
Confirm with . or Enter, or press ? or * to list all spells.
Aiming: Magic Dart
Press: ? - help, Shift-Dir - straight line, f/p - gnoll
Aim: a gnoll, wielding a spear of freezing and wearing a ring mail (severely wounded)
The magic dart hits the gnoll.
The gnoll is severely wounded.
The gnoll throws a stone.
The stone hits you but does no damage.
Casting: Magic Dart
Confirm with . or Enter, or press ? or * to list all spells.
Aiming: Magic Dart
Press: ? - help, Shift-Dir - straight line, f/p - gnoll
Aim: a gnoll, wielding a spear of freezing and wearing a ring mail (severely wounded)
The magic dart hits the gnoll.
The gnoll is severely wounded.
The gnoll throws a stone.
The stone hits you!
* * * LOW HITPOINT WARNING * * *
You see here a stone.
The gnoll throws a stone.
The stone hits you.
You die...

..### ....# #.#.# ........
#.#.# ........ #####
##.#.########### .....g..
....###...............
........ #......#.# #######
.†...... #.@.....# ........
##(##.##.## ........
##..#...#..# g# #..........#
(# #....._....## .#
#.########...........# .#
#.........)..#...#...#########
.#
######.###g.##.##............
(# #.......................


You could see a gnoll.

Vanquished Creatures
  3 adders (D:2)
  2 gnolls (D:2)
  A dart slug (D:2)
  A giant cockroach (D:2)
  3 goblins
  4 hobgoblins
  6 jackals (D:2)
  A kobold (D:2)
  4 bats
  2 frilled lizards (D:1)
  4 rats
31 creatures vanquished.

Notes
Turn   | Place    | Note
-------+----------+-------------------------------------------
     0 | D:1      | lorenzova the Deep Elf Conjurer began the quest for the Orb.
     0 | D:1      | Reached XP level 1. HP: 10/10 MP: 6/6
   275 | D:1      | Reached XP level 2. HP: 15/15 MP: 4/8
   279 | D:1      | Learned a level 2 spell: Searing Ray
   683 | D:2      | Reached XP level 3. HP: 17/19 MP: 0/10
   781 | D:2      | Reached skill level 5 in Conjurations
  1052 | D:2      | Found an iron altar of Okawaru.
  1094 | D:2      | Reached XP level 4. HP: 24/24 MP: 3/12
  1100 | D:2      | Learned a level 4 spell: Iskenderun's Mystic Blast
  1305 | D:2      | Hit by a stone thrown by a gnoll

Skill      XL: |  1  2  3 |
---------------+----------+-----
Spellcasting   | 4 |  4.8
Conjurations   | 5 |  5.4
Dodging        | |  2.4
Stealth        | |  2.4

Action                   |  1- 3 |  4- 6 || total
-------------------------+-------+-------++-------
Melee: Unarmed           |    10 |       ||    10
 Cast: Magic Dart        |    57 |    25 ||    82
       Searing Ray       |     5 |       ||     5
  Eat: Chunk             |       |     1 ||     1
Armor: Robe              |    12 |     2 ||    14
Dodge: Dodged            |    51 |     5 ||    56
